 Dungeon Sprint DCSS version 0.27-a0-1219-g958d993ae5 (webtiles) character file.

Game seed: 4977614790020378315

23914 mhtbhm the Severer (level 12, -3/128 HPs)
             Began as a Minotaur Berserker on June 6, 2021.
             Was the Champion of Trog.
             Slain by a spriggan defender
             ... wielding a +6 lajatang of electrocution
              (11 damage)
             ... in the Dungeon (Sprint IV: "Fedhas' Mad Dash").
             The game lasted 00:10:53 (6399 turns).

mhtbhm the Severer (Minotaur Berserker)             Turns: 6399, Time: 00:10:54

Health: -3/128     AC: 18    Str: 27    XL:     12   Next: 76%
Magic:  11/11      EV: 16    Int:  4    God:    Trog [******]
Gold:   34         SH:  0    Dex: 10    Spells: 11/11 levels left

rFire    . . .     SeeInvis .   a - +1 battleaxe (flame)
rCold    . . .     Faith    +   (shield currently unavailable)
rNeg     + + +     Spirit   .   b - +0 chain mail
rPois    .         Reflect  .   (helmet restricted)
rElec    +         Harm     .   (no cloak)
rCorr    .         Rampage  .   (no gloves)
Will     +....     NoTele   +   p - +2 pair of boots {Fly}
Stlth    +.........             n - amulet of Cuhiqi {Faith rElec}
HPRegen  0.31/turn              d - ring "Diroa" {Fly rN++ Will+ EV+4 Stlth-}
MPRegen  0.12/turn              r - ring of positive energy

@: on berserk cooldown, flying, slowed, very slow
A: horns 2, retaliatory headbutt
a: Renounce Religion, Berserk, Trog's Hand, Brothers in Arms


You were in the Dungeon.
You worshipped Trog.
Trog was exalted by your worship.
You visited 1 branch You collected 448 gold pieces.
You spent 414 gold pieces at shops.

Inventory:

Hand Weapons
 a - a +1 battleaxe of flaming (weapon)
 m - a +4 hand axe of venom
 o - a +1 broad axe of flaming
Missiles
 q - 14 poisoned darts
Armour
 b - a +0 chain mail (worn)
 p - a +2 pair of boots of flying (worn)
Jewellery
 d - the ring "Diroa" (left hand) {Fly rN++ Will+ EV+4 Stlth-}
   (You found it in the Dungeon)

   [ring of evasion]

   It affects your evasion (+4).
   It greatly protects you from negative energy.
   It grants you flight.
   It increases your willpower.
   It makes you less stealthy.
 n - the amulet of Cuhiqi (around neck) {Faith rElec}
   (You found it in the Dungeon)

   [amulet of faith]

   It allows you to gain divine favour quickly.
   It insulates you from electricity.
 r - a ring of positive energy (right hand)
Scrolls
 h - a scroll of fog
Potions
 f - 3 potions of magic
 g - a potion of berserk rage
 j - a potion of might
 k - a potion of ambrosia {unknown}
Miscellaneous
 l - a condenser vane


   Skills:
 + Level 18.4 Fighting
 + Level 19.0 Axes
 + Level 17.3 Armour
 + Level 8.9 Dodging
 + Level 11.9 Stealth
 + Level 11.4 Evocations


You had 11 spell levels left.
You didn't know any spells.
Your spell library was empty.

Dungeon Overview and Level Annotations

Branches:
Dungeon (1/1)

Altars:
Cheibriados
Dithmenos
Elyvilon
Gozag
Hepliaklqana
Kikubaaqudgha
Makhleb
Nemelex Xobeh
Okawaru
Qazlal
Ru
Sif Muna
Trog
Uskayaw
Vehumet
Wu Jian
Xom
Yredelemnul
Zin
The Shining One
Beogh
Jiyva
Lugonu

Shops:
D :?=?**?[=([*(??([!:!*


Innate Abilities, Weirdness & Mutations

You have a pair of horns on your head.
You reflexively headbutt those who attack you in melee.


Message History

The spriggan defender is heavily wounded.
You closely miss the spriggan druid.
You feel roots moving beneath the ground.
You are hit by a branch!
The spriggan defender hits you with a +6 lajatang of electrocution!
You hit the spriggan defender. You burn the spriggan defender.
The spriggan defender is heavily wounded.
You completely miss the spriggan druid. The spriggan druid closely misses you.
You furiously retaliate!
You headbutt the spriggan druid.
Unknown command.
You closely miss the spriggan defender.
The spriggan defender is heavily wounded.
You miss the spriggan druid.
You are no longer berserk.
You are exhausted.
You feel yourself slow down. A tree reaches out and hits you.
The spriggan defender closely misses you.
You furiously retaliate!
You headbutt the spriggan defender!
Unknown command.
Unknown command.
Your cyclops goes berserk!
You are hit by a branch.
Your cyclops is hit by a branch!
The spriggan defender hits you with a +6 lajatang of electrocution!!
* * * LOW HITPOINT WARNING * * *
The spriggan defender hits you but does no damage.
The spriggan druid hits you with a +0 quarterstaff!
* * * LOW HITPOINT WARNING * * *
The spriggan defender barely misses you.
The spriggan druid completely misses you.
Unknown command.
You feel better. Branches wave dangerously above you.
A tree reaches out and hits you!
* * * LOW HITPOINT WARNING * * *
A tree reaches out and hits your cyclops!
You are hit by a branch!
* * * LOW HITPOINT WARNING * * *
A root smacks your cyclops from below!!
The spriggan defender hits you with a +6 lajatang of electrocution!
You die...

#..........#
#....'.........##.
###.P....###
#....#####P....'.. ###...##
##)...# #########
#....####.....#####∩∩∩#....
#.............'....∩.∩'....
#.............#####∩∩∩#....
###########################
.♣..♣..♣..♣..♣..♣..♣..♣.
......i@i.........))..))
.♣..♣..♣.C♣..♣..♣..♣).♣.
####################


You could see a spriggan defender (ally target), a spriggan druid and a friendly
cyclops (summoned, berserk).

Vanquished Creatures
  Agnes (D)
  A ghost moth (D)
  3 spriggan defenders (D)
  4 spriggan berserkers (D)
  3 spriggan druids (D)
  19 oklob plants (D)
  A moth of wrath (D)
  3 demonic crawlers (D)
  3 wandering mushrooms (D)
  A queen bee (D)
  3 burning bushes (D)
  8 hornets (D)
  4 scorpions (D)
  4 killer bees (D)
  5 oklob saplings (D)
  10 spriggans (D)
  A river rat (D)
  A rat (D)
  A bush (D)
76 creatures vanquished.

Vanquished Creatures (collateral kills)
  4 oklob plants (D)
4 creatures vanquished.

Vanquished Creatures (others)
  2 ballistomycete spores (D)
  6 fungi (D)
8 creatures vanquished.

Grand Total: 88 creatures vanquished

Notes
Turn   | Place    | Note
-------+----------+-------------------------------------------
     0 | D        | mhtbhm the Minotaur Berserker began the quest for the Orb.
     0 | D        | Reached XP level 1. HP: 19/19 MP: 0/0
    11 | D        | Reached skill level 4 in Axes
    11 | D        | Reached XP level 2. HP: 28/28 MP: 1/1
    84 | D        | Noticed an oklob sapling
    87 | D        | Killed an oklob sapling
    87 | D        | Reached ** piety under Trog
    88 | D        | Reached skill level 6 in Axes
    88 | D        | Reached XP level 3. HP: 37/37 MP: 2/2
   127 | D        | Noticed a scorpion
   128 | D        | Found the amulet of invisibility {+Inv}
   133 | D        | Killed a scorpion
   134 | D        | Reached skill level 7 in Axes
   134 | D        | Reached XP level 4. HP: 35/47 MP: 3/3
   585 | D        | Found an opulent altar of Gozag.
   585 | D        | Found a hazy altar of Hepliaklqana.
   585 | D        | Found a burning altar of Makhleb.
   585 | D        | Found a sparkling altar of Nemelex Xobeh.
   585 | D        | Found a snail-covered altar of Cheibriados.
   585 | D        | Found a sacrificial altar of Ru.
   585 | D        | Found a shimmering blue altar of Sif Muna.
   585 | D        | Found a shimmering altar of Xom.
   585 | D        | Found a basalt altar of Yredelemnul.
   586 | D        | Found a viscous altar of Jiyva.
   586 | D        | Found a bloodstained altar of Trog.
   586 | D        | Found an ornate altar of the Wu Jian Council.
   587 | D        | Found an iron altar of Okawaru.
   587 | D        | Found a shadowy altar of Dithmenos.
   587 | D        | Found a glowing silver altar of Zin.
   588 | D        | Found an ancient bone altar of Kikubaaqudgha.
   588 | D        | Found a hide-covered altar of Uskayaw.
   589 | D        | Found a stormy altar of Qazlal.
   589 | D        | Found a white marble altar of Elyvilon.
   589 | D        | Found a glowing golden altar of the Shining One.
   590 | D        | Found a corrupted altar of Lugonu.
   590 | D        | Found a radiant altar of Vehumet.
   597 | D        | Reached skill level 8 in Axes
   597 | D        | Reached XP level 5. HP: 56/56 MP: 2/4
   653 | D        | Reached *** piety under Trog
   654 | D        | Reached skill level 9 in Axes
   654 | D        | Reached skill level 1 in Evocations
   776 | D        | Reached skill level 5 in Armour
   778 | D        | Reached **** piety under Trog
   779 | D        | Reached skill level 10 in Fighting
   779 | D        | Reached skill level 10 in Axes
   779 | D        | Reached skill level 5 in Dodging
   779 | D        | Reached XP level 6. HP: 66/66 MP: 5/5
   810 | D        | Found Boschugh's Magic Scroll Shop.
   810 | D        | Found Soimin's Magic Scroll Emporium.
   821 | D        | Bought a scroll of identify for 20 gold pieces
   822 | D        | Bought a scroll of identify for 20 gold pieces
   824 | D        | Noticed a burning bush
   824 | D        | Noticed a wandering mushroom
   826 | D        | Noticed a wandering mushroom
   832 | D        | Killed a wandering mushroom
   833 | D        | Reached skill level 11 in Axes
   833 | D        | Reached XP level 7. HP: 74/74 MP: 3/6
   837 | D        | Killed a burning bush
   838 | D        | Reached skill level 12 in Axes
   838 | D        | Reached skill level 1 in Stealth
   841 | D        | Killed a wandering mushroom
   841 | D        | Reached ***** piety under Trog
   934 | D        | Found Varphud's Book Emporium.
   934 | D        | Found Zyruyl's Distillery.
   981 | D        | Noticed a queen bee
   985 | D        | Reached XP level 8. HP: 85/85 MP: 4/7
   990 | D        | Reached skill level 13 in Axes
  1000 | D        | Killed a queen bee
  1036 | D        | Noticed an oklob plant
  1043 | D        | Killed an oklob plant
  1044 | D        | Reached skill level 14 in Axes
  1091 | D        | Noticed a burning bush
  1100 | D        | Killed a burning bush
  1101 | D        | Reached skill level 5 in Evocations
  1140 | D        | Noticed a burning bush
  1140 | D        | Noticed an oklob plant
  1141 | D        | Noticed a wandering mushroom
  1146 | D        | Killed a burning bush
  1147 | D        | Reached XP level 9. HP: 94/94 MP: 5/8
  1158 | D        | HP: 1/94 [acid (12)]
  1158 | D        | Killed an oklob plant
  1158 | D        | Received a gift from Trog
  1656 | D        | Identified the ring "Diroa" {Fly rN++ Will+ EV+4 Stlth-}
  1783 | D        | Noticed a spriggan druid
  1789 | D        | Killed a spriggan druid
  1790 | D        | Reached skill level 15 in Axes
  1795 | D        | Noticed a moth of wrath
  1800 | D        | Killed a moth of wrath
  1801 | D        | Reached skill level 5 in Stealth
  2003 | D        | Noticed an oklob plant conjurer
  2007 | D        | Killed an oklob plant conjurer
  2008 | D        | Reached skill level 10 in Armour
  2059 | D        | Noticed an oklob plant
  2059 | D        | Noticed an oklob plant summoner
  2061 | D        | Noticed an oklob plant shifter
  2068 | D        | Killed an oklob plant
  2069 | D        | Reached XP level 10. HP: 82/104 MP: 6/9
  2072 | D        | Killed an oklob plant summoner
  2072 | D        | Received a gift from Trog
  2075 | D        | Killed an oklob plant shifter
  2076 | D        | Reached skill level 15 in Fighting
  2350 | D        | Reached skill level 16 in Axes
  2478 | D        | Noticed a spriggan rider
  2479 | D        | Found Xauphado's Distillery.
  2485 | D        | Reached ****** piety under Trog
  2494 | D        | Found Camilurch's Assorted Antiques.
  2548 | D        | Identified the +9 halberd "Dragonbane" {drain, rElec rCorr
                  | Dex+3}
  2558 | D        | Bought a pair of runed boots for 150 gold pieces
  2594 | D        | Noticed Agnes
  2608 | D        | Killed Agnes
  2963 | D        | Found Ischecicw's Antique Weapon Emporium.
  2963 | D        | Noticed a spriggan berserker
  2971 | D        | Killed a spriggan berserker
  3014 | D        | Found Xoselau's Armour Shoppe.
  3015 | D        | Noticed a spriggan defender
  3033 | D        | Killed a spriggan defender
  3034 | D        | Reached skill level 17 in Axes
  3034 | D        | Reached XP level 11. HP: 100/114 MP: 7/10
  3206 | D        | Noticed a spriggan rider
  3217 | D        | Killed a spriggan rider
  3217 | D        | Received a gift from Trog
  3506 | D        | Found Muriguwn's Book Shoppe.
  3506 | D        | Found Sout's Magic Scroll Boutique.
  3506 | D        | Found Heyli's Jewellery Emporium.
  3530 | D        | Killed a ghost moth
  4062 | D        | Noticed an oklob plant shifter
  4062 | D        | Noticed an oklob plant meteorologist
  4073 | D        | Killed an oklob plant meteorologist
  4073 | D        | Received a gift from Trog
  4144 | D        | Killed an oklob plant shifter
  4145 | D        | Reached skill level 15 in Armour
  4196 | D        | Noticed a spriggan rider
  4438 | D        | Found Zaogosag's General Store.
  4438 | D        | Found Zikotote's Assorted Antiques.
  4438 | D        | Found Humiod's Magic Scroll Shop.
  4438 | D        | Found Ceagakko's Armour Emporium.
  4438 | D        | Found Jeoda's Magic Scroll Shoppe.
  4439 | D        | Found Kir Meqi's Weapon Emporium.
  4439 | D        | Found Ylucwuv's Armour Shop.
  4439 | D        | Found Haxzeeni's Jewellery Boutique.
  4454 | D        | Bought a scroll of identify for 22 gold pieces
  4454 | D        | Bought a scroll of identify for 22 gold pieces
  4459 | D        | Bought a scroll of blinking for 90 gold pieces
  4465 | D        | Bought a scroll of fog for 46 gold pieces
  4466 | D        | Bought a potion of might for 44 gold pieces
  4478 | D        | Noticed an oklob plant summoner
  4479 | D        | Found Wiuwn's General Store.
  4480 | D        | Found Ufess's Weapon Shop.
  4486 | D        | Killed an oklob plant summoner
  4486 | D        | Received a gift from Trog
  4549 | D        | Noticed an oklob plant demonologist
  4549 | D        | Noticed an oklob plant annihilator
  4552 | D        | Noticed a spriggan berserker
  4560 | D        | Killed a spriggan berserker
  4567 | D        | Killed an oklob plant annihilator
  4571 | D        | Killed an oklob plant demonologist
  4572 | D        | Reached skill level 10 in Evocations
  4621 | D        | Identified the amulet of Cuhiqi {Faith rElec}
  4661 | D        | Noticed an oklob plant
  4661 | D        | Noticed an oklob plant
  4661 | D        | Noticed an oklob plant
  4661 | D        | Noticed an oklob plant
  4661 | D        | Noticed an oklob plant
  4661 | D        | Noticed an oklob plant
  4662 | D        | Noticed an oklob plant
  4669 | D        | Killed an oklob plant
  4670 | D        | Noticed an oklob plant
  4680 | D        | Killed an oklob plant
  4681 | D        | Noticed an oklob plant
  4995 | D        | Noticed an oklob plant
  4999 | D        | Killed an oklob plant
  5000 | D        | Reached skill level 18 in Axes
  5000 | D        | Killed an oklob plant
  5001 | D        | Reached XP level 12. HP: 125/125 MP: 9/11
  5006 | D        | Received a gift from Trog
  5015 | D        | HP: 3/125 [acid (12)]
  5529 | D        | Reached skill level 10 in Stealth
  5631 | D        | Noticed a spriggan defender
  5631 | D        | Noticed a spriggan defender
  5644 | D        | Killed a spriggan defender
  5644 | D        | Received a gift from Trog
  5652 | D        | Killed a spriggan defender
  5934 | D        | Identified the +5 rapier of Light {vorpal, +Blink} (Trog
                  | gifted it to you in the Dungeon)
  5934 | D        | Received a gift from Trog
  6299 | D        | Received a gift from Trog
  6300 | D        | Reached skill level 19 in Axes
  6384 | D        | Noticed a spriggan defender
  6399 | D        | Slain by a spriggan defender

Illustrated notes

Levels and vault maps discovered:
D:        dungeon_sprint_fedhas [sprint_temple]

Skill      XL: |  1  2  3  4  5  6  7  8  9 10 11 12 |
---------------+-------------------------------------+-----
Fighting       | 4 6 7 8 10 11 12 13 14 16 17 18 | 18.4
Axes           | 4 6 7 8 10 11 12 14 15 17 18 19 | 19.0
Armour         | 3 4 5 6 8 10 13 16 17 | 17.3
Dodging        | 3 4 5 6 7 8 |  8.9
Evocations     | 1 2 3 5 7 8 10 11 | 11.4
Stealth        | 1 3 5 7 9 11 | 11.9

Action                   |  1- 3 |  4- 6 |  7- 9 | 10-12 || total
-------------------------+-------+-------+-------+-------++-------
Melee: Hand axe          |     9 |    12 |    46 |   104 ||   171
       Headbutt          |     1 |     7 |    17 |    37 ||    62
       Broad axe         |       |       |    16 |     3 ||    19
       War axe           |       |       |       |    59 ||    59
       Battleaxe         |       |       |       |    53 ||    53
Invok: Berserk           |     3 |     5 |     8 |    18 ||    34
       Brothers in Arms  |       |       |     2 |     3 ||     5
 Abil: Evoke Invisibilit |       |     2 |     4 |     8 ||    14
  Use: Scroll            |       |     1 |     1 |     5 ||     7
       Potion            |       |       |     1 |     3 ||     4
 Stab: Invisible         |       |       |     6 |    18 ||    24
Armor: Leather armour    |       |       |     1 |       ||     1
       Chain mail        |       |       |     6 |    54 ||    60
Dodge: Dodged            |     2 |     5 |    19 |    60 ||    86

Table legend: (Time is in decaauts)
 A = Elapsed time spent in this place.
 B = Non-inter-level travel time spent in this place.
 C = Inter-level travel time spent in this place.
 D = Time resting spent in this place.
 E = Time spent auto-exploring this place.
 F = Levels seen in this place.
 G = Mean time per level.
                   A        B        C        D        E       F      G
               +--------+--------+--------+--------+--------+-----+--------+
         Total |   6558 |   6558 |      0 |   5419 |     38 |   1 | 6558.0 |
       Dungeon |   6558 |   6558 |      0 |   5419 |     38 |   1 | 6558.0 |
               +--------+--------+--------+--------+--------+-----+--------+

Top non-repeatable levels by time:
       D: 6558 daAuts
